 Dungeon Crawl Stone Soup version 0.21-a0-279-g6037ffb (webtiles) character file.

63 pkoi the Ruffian (level 3, -1/31 HPs)
             Began as a Draconian Monk on Sept 24, 2017.
             Slain by an orc wizard
             ... wielding a +0 short sword
              (5 damage)
             ... on level 2 of the Dungeon.
             The game lasted 00:01:24 (737 turns).

pkoi the Ruffian (Draconian Monk)                    Turns: 737, Time: 00:01:24

Health: -1/31      AC:  5    Str: 14    XL:     3   Next: 87%
Magic:  3/3        EV: 13    Int: 10    God:
Gold:   41         SH:  0    Dex: 13    Spells: 2/2 levels left

rFire    . . .     SeeInvis .     - Unarmed
rCold    . . .     Gourm    .   (no shield)
rNeg     . . .     Faith    .   (armour unavailable)
rPois    .         Spirit   .   (helmet restricted)
rElec    .         Reflect  .   (no cloak)
rCorr    .         Harm     .   (no gloves)
MR       .....                  (no boots)
Stlth    ++........             (no amulet)
HPRegen  0.10/turn              (no ring)
MPRegen  0.08/turn              (no ring)

@: no status effects
A: unfitting armour, cold-blooded, AC +5
a: no special abilities


You were on level 2 of the Dungeon.
You were not hungry.

You visited 1 branch of the dungeon, and saw 2 of its levels.

You collected 41 gold pieces.

Inventory:

Scrolls
 c - a scroll of enchant armour
 f - a scroll of identify
Comestibles
 a - 2 bread rations
 b - a chunk of flesh


   Skills:
 - Level 3.2 Fighting
 - Level 2.6 Dodging
 - Level 1.7 Stealth
 + Level 4.8 Unarmed Combat


You had 2 spell levels left.
You didn't know any spells.

Dungeon Overview and Level Annotations

Branches:
Dungeon (2/15)

Altars:


Innate Abilities, Weirdness & Mutations

Your plain brown scales are hard. (AC +5)
You cannot fit into any form of body armour.
You are cold-blooded and may be slowed by cold attacks.


Message History

You start resting.
An orc wizard is nearby!
You hit the orc wizard but do no damage.
The orc wizard mumbles some strange words.
The orc wizard blinks!
The orc wizard casts a spell at you. The magic dart hits you!
* * * LOW HITPOINT WARNING * * *
The orc wizard hits you with a short sword.
* * * LOW HITPOINT WARNING * * *
Things that are here:
a club x2
You closely miss the orc wizard.
The orc wizard hits you with a short sword.
* * * LOW HITPOINT WARNING * * *
You hit the orc wizard but do no damage.
Your tail-slap misses the orc wizard.
The orc wizard closely misses you.
You closely miss the orc wizard.
The orc wizard hits you with a short sword.
You die...

*,* *,,,,,*
*,*******,***,*
*,,,,,,,,,,,*,*###
*,*****,,<,,,,,..#
,,* *,*,,,,,*#$# ,,*
*,***,***#.#
*,*####,##*,* #.#
,,,.....#.,,* #o#
*,,.....#.##* #@#
*,,........# #.#
,,*###..#..#####.#
**,..$....†......#
*,###..#..##.####
*,* #..#..##.### *,*
#.,#.......# *,*
#,,#...#.#.####
**,***,,#..........#


You could see an orc wizard.

Vanquished Creatures
  An orc priest (D:2)
  A dart slug (D:1)
  A leopard gecko (D:1)
  2 orcs (D:2)
  2 hobgoblins
  3 jackals (D:1)
  A ball python (D:1)
  4 bats
  3 frilled lizards (D:1)
  8 goblins
  2 kobolds (D:1)
  A rat (D:1)
29 creatures vanquished.

Notes
Turn   | Place    | Note
-------+----------+-------------------------------------------
     0 | D:1      | pkoi the Draconian Monk began the quest for the Orb.
     0 | D:1      | Reached XP level 1. HP: 19/19 MP: 1/1
   145 | D:1      | Reached XP level 2. HP: 26/26 MP: 2/2
   366 | D:1      | Reached skill level 4 in Unarmed Combat
   700 | D:2      | Reached XP level 3. HP: 28/31 MP: 3/3
   737 | D:2      | Slain by an orc wizard

Vault maps used:
D:1:      nzn_arrival_settlement, serial_bayou_pond_b, minivault_24

Skill      XL: |  1  2 |
---------------+-------+-----
Unarmed Combat | 4 |  4.8
Fighting       | |  3.2
Dodging        | |  2.6
Stealth        | |  1.7

Action                   || total
-------------------------++-------
Melee: Unarmed           ||    91
       Tailslap          ||     7
  Use: Scroll            ||     5
       Potion            ||     2
 Stab: Sleeping          ||     6
Armor: Skin              ||    22
Dodge: Dodged            ||    58

Table legend:
 A = Spawn XP
 B = Non-spawn XP
 C = Spawn XP percentage of total XP
 D = Spawn monster count
 E = Non-spawn monster count
 F = Spawn count percentage of total count
 G = Total turns spent on level
                    A         B        C        D         E        F      G
               +---------+---------+-------+---------+---------+-------+---------
         Total |       0 |      90 |   0.0 |       0 |      29 |   0.0 |   737
               +---------+---------+-------+---------+---------+-------+---------
           D:1 |       0 |      38 |   0.0 |       0 |      23 |   0.0 |   619
           D:2 |       0 |      52 |   0.0 |       0 |       6 |   0.0 |   118
               +---------+---------+-------+---------+---------+-------+---------
